 Dungeon Crawl Stone Soup version 0.28-a0-802-g09f76e8c00 (webtiles) character file.

Game seed: 16893628162268068351

375 iamoutofideas the Firebug (level 6, -3/42 HPs)
             Began as a Demonspawn Fire Elementalist on Nov 6, 2021.
             Slain by an ogre (25 damage)
             ... on level 4 of the Dungeon.
             The game lasted 00:07:28 (4836 turns).

iamoutofideas the Firebug (DsFE)                    Turns: 4836, Time: 00:07:29

Health: -3/42      AC:  4    Str:  9    XL:     6   Next: 44%
Magic:  0/11       EV: 12    Int: 18    God:
Gold:   72         SH:  4    Dex: 13    Spells: 5/12 levels left

rFire   . . .      SeeInvis .   c - +1 short sword (protect)
rCold   . . .      Faith    .   (no shield)
rNeg    . . .      Spirit   .   a - +0 robe
rPois   .          Reflect  .   (no helmet)
rElec   .          Harm     .   (no cloak)
rCorr   +          Rampage  .   (no gloves)
Will    .....                   (no boots)
Stlth   ++........              e - amulet of regeneration
HPRegen 1.14/turn               f - ring of resist corrosion
MPRegen 0.12/turn               (no ring)

@: no status effects
A: molten scales 1, condensation shield, weakness stinger 1
a: no special abilities


You were on level 4 of the Dungeon.
You visited 1 branch of the dungeon, and saw 4 of its levels.

You collected 72 gold pieces.

Inventory:

Hand Weapons
 c - a +1 short sword of protection (weapon)
Missiles
 d - 2 curare-tipped darts
Armour
 a - a +0 robe (worn)
Jewellery
 e - an amulet of regeneration (around neck)
 f - a ring of resist corrosion (left hand)
Scrolls
 b - a scroll of amnesia {unknown}
 j - 2 scrolls of identify {unknown}
 l - a scroll of enchant weapon {unknown}
 n - a scroll of noise {unknown}
Potions
 g - 3 potions of curing {unknown}
 h - 2 potions of flight {unknown}
 i - a potion of lignification {unknown}
 k - a potion of mutation {unknown}
 m - a potion of heal wounds {unknown}
 o - a potion of brilliance {unknown}
 p - a potion of ambrosia {unknown}


   Skills:
 + Level 0.6 Fighting
 + Level 0.3 Short Blades
 + Level 2.3 Dodging
 - Level 1.9 Stealth
 + Level 3.8 Spellcasting
 + Level 3.1 Conjurations
 + Level 4.4 Fire Magic


You had 5 spell levels left.
You knew the following spells:

 Your Spells              Type           Power      Damage    Failure   Level
a - Foxfire               Conj/Fire      68%        2x1d7     3%          1
b - Scorch                Fire           38%        2d7       3%          2
c - Flame Wave            Conj/Fire      17%        3d5       30%         4

Your spell library contained the following spells:

 Spells                   Type           Power      Damage    Failure   Level
 Conjure Flame            Conj/Fire      17%        6-21      10%         3
 Beastly Appendage        Tmut           6%         N/A       16%         1
 Sting                    Tmut/Pois      12%        1d3       16%         1
 Inner Flame              Hex/Fire       11%        N/A       19%         3
 Poisonous Vapours        Pois/Air       6%         N/A       22%         2
 Wereblood                Tmut           3%         N/A       22%         2
 Dazzling Flash           Conj/Hex       18%        N/A       24%         3
 Spider Form              Tmut/Pois      3%         N/A       41%         3
 Iskenderun's Mystic Bla  Conj/Tloc      9%         2d4       61%         4
 Olgreb's Toxic Radiance  Pois           3%         N/A       83%         4
 Starburst                Conj/Fire      8%         6d4       99%         6


Dungeon Overview and Level Annotations

Branches:
Dungeon (4/15)
 Temple: D:4-7

Altars:
Uskayaw


Innate Abilities, Weirdness & Mutations

You are partially covered in molten scales. (AC +2)
A meltable shield of frost defends you. (SH +4)
You have a small tail.


Message History

The ogre's fire resistance burns away.
Casting: Scorch (safe; 3% risk of failure)
Confirm with . or Enter, or press ? or * to list all spells.
You conjure some foxfire!
The ogre closely misses you.
Your foxfire dissipates!
The ogre is no longer more vulnerable to fire.
Casting: Foxfire (safe; 3% risk of failure)
Confirm with . or Enter, or press ? or * to list all spells.
You conjure some foxfire!
The ogre barely misses you.
Your foxfire dissipates!
Casting: Foxfire (safe; 3% risk of failure)
Confirm with . or Enter, or press ? or * to list all spells.
You conjure some foxfire!
The ogre misses you.
Casting: Foxfire (safe; 3% risk of failure)
Confirm with . or Enter, or press ? or * to list all spells.
You conjure some foxfire!
The gnoll hits you from afar with a +0 spear.
Your foxfire dissipates!
The foxfire hits the ogre.
The ogre is heavily wounded.
The foxfire hits the ogre.
The ogre is heavily wounded.
Casting: Foxfire (safe; 3% risk of failure)
Confirm with . or Enter, or press ? or * to list all spells.
You conjure some foxfire!
The ogre hits you with a +0 giant spiked club!!
Ouch! That really hurt!
The gnoll hits you from afar with a +0 spear.
The foxfire hits the ogre.
The ogre is severely wounded.
The foxfire hits the ogre.
The ogre is almost dead.
Casting: Foxfire (safe; 3% risk of failure)
Confirm with . or Enter, or press ? or * to list all spells.
Flames lash the gnoll.
The gnoll is heavily wounded.
The gnoll's fire resistance burns away.
The ogre hits you with a +0 giant spiked club!!
Ouch! That really hurt!
You die...

######.###..## #.....## #...#
#.####.###..## #.# ##.#g### #.#
##.## #.# #S# #. .. #.# #g# #.#
#.#.# #####.######O# #.# #....
#...........@# #.# #.#.#
#...........## #.# #.#.#
####..#####.# #.# #.#.#
#######.######.##### #.# #.#.#
#..................#####.###....
#.#####.######.###..............
#.######.# #######........
#........#######....#####.
#######........)...## ###.


You could see an ogre, 2 gnolls and a ball python.

Vanquished Creatures
  Menkaure (D:4)
  A scorpion (D:3)
  A howler monkey (D:3)
  An orc priest (D:4)
  An iguana (D:4)
  3 adders
  A worm (D:2)
  A dart slug (D:2)
  8 orcs
  7 ball pythons
  3 bats
  4 endoplasms
  7 giant cockroaches
  5 goblins
  6 hobgoblins
  4 quokkas
  A frilled lizard (D:3)
  7 kobolds
  5 rats
  A toadstool (D:1)
68 creatures vanquished.

Vanquished Creatures (collateral kills)
  18 foxfires (D:4)
18 creatures vanquished.

Vanquished Creatures (others)
  296 foxfires
296 creatures vanquished.

Grand Total: 382 creatures vanquished

Notes
Turn   | Place    | Note
-------+----------+-------------------------------------------
     0 | D:1      | iamoutofideas the Demonspawn Fire Elementalist began the
                  | quest for the Orb.
     0 | D:1      | Reached XP level 1. HP: 13/13 MP: 3/3
   483 | D:1      | Reached skill level 3 in Fire Magic
   572 | D:1      | Gained mutation: A meltable shield of frost defends you.
                  | (SH +4) [demonic ancestry]
   572 | D:1      | Reached XP level 2. HP: 14/19 MP: 1/5
  1941 | D:2      | Reached XP level 3. HP: 24/24 MP: 2/6
  2708 | D:2      | Gained mutation: You have a small tail. [demonic ancestry]
  2708 | D:2      | Reached XP level 4. HP: 30/30 MP: 2/7
  3060 | D:3      | Learned a level 2 spell: Scorch
  3065 | D:3      | Learned a level 4 spell: Flame Wave
  3447 | D:3      | Found a hide-covered altar of Uskayaw.
  3447 | D:3      | Noticed a +0 dagger
  3448 | D:3      | Noticed a +0 dagger
  3449 | D:3      | Noticed a +0 short sword
  3449 | D:3      | Noticed a +0 short sword
  3450 | D:3      | Noticed a +0 spear
  3451 | D:3      | Noticed a +0 spear
  3451 | D:3      | Noticed a +0 falchion
  3452 | D:3      | Noticed a +0 falchion
  3452 | D:3      | Noticed a scorpion
  3476 | D:3      | Killed a scorpion
  3477 | D:3      | Gained mutation: You are partially covered in molten
                  | scales. (AC +2) [demonic ancestry]
  3477 | D:3      | Reached XP level 5. HP: 17/35 MP: 1/9
  3861 | D:4      | Noticed Menkaure
  3899 | D:3      | Reached skill level 4 in Fire Magic
  4282 | D:4      | Killed Menkaure
  4283 | D:4      | Reached XP level 6. HP: 31/42 MP: 2/11
  4836 | D:4      | Slain by an ogre

Illustrated notes

Levels and vault maps discovered:
D:1:      nagdon_arrival_zigzag_paths, layout_basic, serial_corexii_hall,
          chequers_hall_statues_wall_a, corexii_hall_statues_x,
          chequers_hall_statues_wall_a
D:2:      layout_rooms, minmay_misc_feat_room, minivault_4,
          minmay_crystal_water, nrook_mini_vaults
D:3:      layout_loops_cross, nicolae_uskayaw_en_pointe
D:4:      layout_loops_ring, minmay_hedge_maze,
          eino_small_chamber_without_monster, minmay_cut_off, uniq_menkaure,
          uniq_sigmund

Skill      XL: |  1  2  3  4  5 |
---------------+----------------+-----
Fire Magic     | 3 4 |  4.4
Dodging        | 2 |  2.3
Conjurations   | 2 3 |  3.1
Spellcasting   | 3 |  3.8
Fighting       | |  0.6
Short Blades   | |  0.3
Stealth        | |  1.9

Action                   |  1- 3 |  4- 6 || total
-------------------------+-------+-------++-------
Melee: Unarmed           |     9 |       ||     9
       Short sword       |     6 |    12 ||    18
       Tailslap          |       |     2 ||     2
 Cast: Foxfire           |   117 |    81 ||   198
       Scorch            |       |    15 ||    15
 Stab: Sleeping          |     1 |       ||     1
Armor: Robe              |     6 |     9 ||    15
Dodge: Dodged            |    30 |    52 ||    82
Block: Other             |     3 |    11 ||    14

Table legend: (Time is in decaauts)
 A = Elapsed time spent in this place.
 B = Non-inter-level travel time spent in this place.
 C = Inter-level travel time spent in this place.
 D = Time resting spent in this place.
 E = Time spent auto-exploring this place.
 F = Levels seen in this place.
 G = Mean time per level.
                   A        B        C        D        E       F      G
               +--------+--------+--------+--------+--------+-----+--------+
         Total |   4838 |   4742 |     96 |    564 |   3455 |   4 | 1209.5 |
       Dungeon |   4838 |   4742 |     96 |    564 |   3455 |   4 | 1209.5 |
               +--------+--------+--------+--------+--------+-----+--------+

Top non-repeatable levels by time:
     D:1: 1937 daAuts
     D:3: 1436 daAuts
     D:2: 970 daAuts
     D:4: 495 daAuts
